 Dungeon Crawl Stone Soup version 0.23.2-40-g277498a (webtiles) character file.

Game seed: 9345373424694252953

193 suicidejoker the Magician (level 5, -4/28 HPs)
             Began as a Deep Elf Wizard on Sept 12, 2019.
             Shot with an arrow by a centaur (8 damage)
             ... on level 3 of the Dungeon.
             The game lasted 00:08:56 (2564 turns).

suicidejoker the Magician (Deep Elf Wizard)         Turns: 2564, Time: 00:08:57

Health: -4/28      AC:  5    Str:  4    XL:     5   Next: 44%
Magic:  15/15      EV: 13    Int: 24    God:
Gold:   84         SH:  0    Dex: 13    Spells: 12/16 levels left

rFire    . . .     SeeInvis +   m - +0 short sword (venom)
rCold    + . .     Gourm    .   (no shield)
rNeg     . . .     Faith    .   a - +0 robe
rPois    +         Spirit   .   n - +0 helmet {SInv}
rElec    .         Reflect  .   x - +0 cloak
rCorr    .         Harm     .   (no gloves)
MR       .....                  y - +0 pair of boots (curse)
Stlth    ++........             (no amulet)
HPRegen  0.09/turn              g - ring of protection from cold
MPRegen  0.14/turn              r - ring of poison resistance

@: no status effects
A: no striking features
a: no special abilities


You were on level 3 of the Dungeon.
You were hungry.

You visited 1 branch of the dungeon, and saw 3 of its levels.

You collected 84 gold pieces.

Inventory:

Hand Weapons
 m - a +0 short sword of venom (weapon)
 q - a +2 rapier of electrocution
Armour
 a - a +0 robe (worn)
 j - a +0 buckler
 n - a +0 helmet of see invisible (worn)
 x - a +0 cloak (worn)
 y - a cursed +0 pair of boots (worn)
Jewellery
 g - a ring of protection from cold (left hand)
 r - a ring of poison resistance (right hand)
 s - an uncursed ring of protection from cold
Scrolls
 b - a scroll of immolation {unknown}
 e - 6 scrolls of identify {unknown}
 i - a scroll of enchant armour {unknown}
 k - a scroll of remove curse {unknown}
 p - a scroll of fog {unknown}
 t - a scroll of noise {unknown}
 w - a scroll of teleportation {unknown}
Potions
 c - a potion of mutation {unknown}
 f - a potion of flight {unknown}
 h - a potion of haste {unknown}
 l - a potion of curing {unknown}
 o - a potion of resistance {unknown}
 u - a potion of brilliance {unknown}
 v - a potion of cancellation {unknown}
Comestibles
 d - 5 rations


   Skills:
 + Level 0.1 Fighting
 + Level 0.7 Short Blades
 + Level 3.2 Dodging
 + Level 2.9 Stealth
 + Level 6.4 Spellcasting
 + Level 3.5 Conjurations
   Level 1.1 Summonings
   Level 1.1 Translocations


You had 12 spell levels left.
You knew the following spells:

 Your Spells              Type           Power        Failure   Level  Hunger
a - Magic Dart            Conj           ###.         1%          1    None
b - Mephitic Cloud        Conj/Pois/Air  ##......     14%         3    None

Your spell library contained the following spells:

 Spells                   Type           Power        Failure   Level  Hunger
 Blink                    Tloc           N/A          8%          2    None
 Call Imp                 Summ           ##......     8%          2    None
 Conjure Flame            Conj/Fire      ###.....     11%         3    None
 Slow                     Hex            #.......     12%         2    None


Dungeon Overview and Level Annotations

Branches:
Dungeon (3/15)

Altars:


Message History

Press: ? - help, Shift-Dir - straight line, f - centaur
Aim: a centaur (resting)
The magic dart hits the centaur.
The centaur is lightly wounded.
The centaur shouts!
The centaur wields a +0 shortbow.
The centaur shoots an arrow.
The arrow closely misses you.
A giant cockroach comes into view.
The centaur shoots an arrow.
The arrow closely misses you.
You see here an arrow.
The centaur shoots an arrow.
The arrow barely misses you.
You see here an arrow.
The centaur shoots an arrow.
The arrow hits you!
You see here an arrow.
The centaur shoots an arrow.
The arrow hits you!
Ouch! That really hurt!
* * * LOW HITPOINT WARNING * * *
You see here an arrow.
The centaur shoots an arrow.
The arrow hits you!
You die...

#.# .# .......##
#.###############.#.#.# #.#.....
#.........#>......#...# #.....<#
####............................
#.............................
#.............................
#.............................
#...............<.............
#...........(@................
#.............................
##...................
##.....#.....##.....
##########(## ..... ##..# ..#.
#†c## ... ##.## .## #.(#####


You could see a centaur.

Vanquished Creatures
  Natasha (thrice) (D:2)
  3 gnolls
  3 adders (D:2)
  An ooze (D:2)
  2 dart slugs (D:2)
  A worm (D:2)
  2 leopard geckos
  An orc (D:3)
  2 giant cockroaches
  4 goblins
  9 jackals
  A quokka (D:2)
  A ball python (D:1)
  4 bats
  3 frilled lizards (D:1)
  6 kobolds
  9 rats
55 creatures vanquished.

Notes
Turn   | Place    | Note
-------+----------+-------------------------------------------
     0 | D:1      | suicidejoker the Deep Elf Wizard began the quest for the
                  | Orb.
     0 | D:1      | Reached XP level 1. HP: 10/10 MP: 7/7
   428 | D:1      | Reached XP level 2. HP: 15/15 MP: 3/9
   793 | D:2      | Noticed Natasha
   794 | D:2      | Reached skill level 5 in Spellcasting
   802 | D:2      | Killed Natasha
   802 | D:2      | Reached XP level 3. HP: 13/19 MP: 1/11
  1129 | D:1      | Reached XP level 4. HP: 16/24 MP: 2/13
  1289 | D:2      | Learned a level 3 spell: Mephitic Cloud
  1619 | D:2      | Noticed Natasha
  1633 | D:2      | Killed Natasha
  1633 | D:2      | Reached skill level 6 in Spellcasting
  1633 | D:2      | Reached XP level 5. HP: 22/28 MP: 3/15
  1961 | D:2      | Noticed Natasha
  1986 | D:2      | Killed Natasha
  2552 | D:3      | Noticed a centaur
  2564 | D:3      | Shot with an arrow by a centaur

Skill      XL: |  1  2  3  4 |
---------------+-------------+-----
Dodging        | 3 |  3.2
Spellcasting   | 5 6 |  6.4
Conjurations   | 2 3 |  3.5
Fighting       | |  0.1
Short Blades   | |  0.7
Stealth        | |  2.9
Summonings     | |  1.1
Translocations | |  1.1

Action                   |  1- 3 |  4- 6 || total
-------------------------+-------+-------++-------
Melee: Unarmed           |     6 |       ||     6
       Short sword       |    24 |    16 ||    40
 Cast: Magic Dart        |    59 |    63 ||   122
       Mephitic Cloud    |       |     3 ||     3
 Stab: Sleeping          |       |     2 ||     2
  Eat: Chunk             |       |     4 ||     4
Armor: Robe              |     8 |     1 ||     9
Dodge: Dodged            |    32 |    15 ||    47
